Yev-Ruu, chaotic female vampiric Convict -------- ------ |<|>._%---....| |^|-.00....0..| |^|(..00|.0.0.| |^|-....|.....| |^|------0----| |^| |......| |^------......| |..^^^^0000...| |..-----......| ---- -------- Yev-Ruu the Jail-bird Experience level: 8 Strength: 14 Dexterity: 9 Constitution: 19 Intelligence: 16 Wisdom: 6 Charisma: 7 Health: 80(80) Energy: 26(26) AC: -1 Gold: 0 Moves: 5049 Your Inventory: Armor b - a cursed +0 striped shirt (being worn) n - a cursed +0 dwarvish mithril-coat (being worn) w - an [uncursed] +0 pair of padded gloves [leather] (being worn) y - a cursed +0 small shield (being worn) z - a cursed +0 pair of walking shoes [low] D - a cursed +2 iron skull cap [orcish helm] (being worn) Q - a cursed -1 pair of levitation boots (being worn) Iron balls c - a cursed corroded heavy iron ball (chained to you) (weapon in hand) Spells known in the end: Name Level Category Fail Memory Your skills at the end: Fighting Skills Weapon Skills sling [Basic / Skilled] Spellcasting Skills Final Attributes: You were piously aligned. Hunger level was 35. Your alignment was 34 / 35. Monster difficulty range was 0 - 6. Level difficulty was 5. You were immune to poison. You were immune to level-drain. You were immune to sickness. You were punished. You were invisible. You were levitating. You could survive without air. You regenerated. You were extremely unlucky (-10). Tymora was very angry with you (6). You are dead. Vanquished creatures: 3 watchmen a gnome king a dingo a jaguar a raven 2 gnome mummies 3 enormous rats 2 rock moles a pony a shrieker a gnome lord a kobold mummy a golden naga hatchling a ghoul 2 paper golems a floating eye a kitten 4 dwarves a kobold lord a kobold shaman a centipede 2 giant bats 2 monkeys 5 orc zombies a werejackal 14 killer bees an acid blob 6 coyotes a gas spore 4 hobbits 5 manes 3 giant rats 4 cave spiders 27 gnomes 4 jackals a fox 2 kobolds 3 goblins 3 sewer rats 3 grid bugs 2 bats 2 lichens 2 kobold zombies 4 newts 132 creatures vanquished. Voluntary challenges: You went without food. You never hit with a wielded weapon. You read items or engraved 8 times. You put on armor 13 times. You never genocided any monsters. You never polymorphed an object. You never changed form. You used no wishes. You abstained from Elbereth's help. You never encountered a bones level. You never used any Sokoban shortcuts. Dungeon overview: The Dungeons of Doom: levels 1 to 6 Level 1 a long staircase Level 3 stairs to The Gnomish Mines Level 4 an altar Level 5 some fountains Level 6 stairs to Sokoban The Gnomish Mines: levels 4 to 6 Level 4 stairs to The Dungeons of Doom Level 6 a bookstore Sokoban: Level 5 <- You were here a magic chest stairs to The Dungeons of Doom History has recorded: On T:1 you entered the Dungeons of Doom to retrieve the Amulet of Yendor! On T:615 you advanced to experience level 2. On T:870 you reached level 2 of The Dungeons of Doom. On T:871 you advanced to experience level 3. On T:1316 you reached level 3 of The Dungeons of Doom. On T:1355 you advanced to experience level 4. On T:1404 you reached level 1 of The Gnomish Mines. On T:1420 you advanced to experience level 5. On T:1680 you advanced to experience level 6. On T:1713 you reached level 2 of The Gnomish Mines. On T:1773 you advanced to experience level 7. On T:1794 you reached level 3 of The Gnomish Mines. On T:2334 you reached level 4 of The Dungeons of Doom. On T:2699 you reached level 5 of The Dungeons of Doom. On T:2874 you advanced to experience level 8. On T:3252 you reached level 6 of The Dungeons of Doom. On T:3563 you reached level 3 of Sokoban. Latest messages: Your small shield glows with a black aura. Your pair of walking shoes glows with a black aura. [3 turns] You begin praying to Tymora. You finish your prayer. The voice of Tymora thunders: "Thou hast angered me." A black glow surrounds you. Your iron skull cap glows with a black aura. Your heavy iron ball glows with a black aura. [3 turns] You begin praying to Tymora. You finish your prayer. The voice of Tymora booms out: "Thou hast angered me." A black glow surrounds you. [3 turns] You begin praying to Tymora. You finish your prayer. The voice of Tymora thunders: "Thou hast angered me." Suddenly, a bolt of lightning strikes you! You fry to a crisp. Final status: Goodbye Yev-Ruu the Convict... You died in Sokoban on dungeon level 5 with 4778 points, and 0 pieces of gold, after 5049 moves. You were level 8 with a maximum of 80 hit points when you died.